 Dungeon Crawl Stone Soup version 0.31-a0-325-g067879e3d3 (webtiles) character file.

Game seed: 99534834111251363

147 Vomitron the Shield-Bearer (level 5, 42/42 HPs)
             Began as a Formicid Fighter on July 18, 2023.
             Was a Follower of Sif Muna.
             Quit the game on level 3 of the Dungeon.
             The game lasted 00:05:32 (1200 turns).

Vomitron the Shield-Bearer (Formicid Fighter)       Turns: 1200, Time: 00:05:33

Health: 42/42      AC:  8    Str: 22    XL:     5   Next: 54%
Magic:  5/5        EV:  9    Int:  8    God:    Sif Muna [*.....]
Gold:   83         SH:  5    Dex: 13    Spells: 4/4 levels left

rFire   . . .        l - +7 hand axe of the Pit {spect, rC+}
rCold   + . .        c - +0 buckler
rNeg    . . .        b - +0 scale mail
rPois   .            (helmet unavailable)
rElec   .            (no cloak)
rCorr   .            k - +0 pair of gloves
SInv    +            (no boots)
Will    .....        (no amulet) Stlth
                     (no ring)
HPRegen 0.27/turn    (no ring)
MPRegen 0.09/turn

%: no passive effects
@: no status effects
A: permanent stasis, dig shafts and tunnels, antennae 3, four strong arms
a: Dig, Shaft Self, Renounce Religion, Channel Magic


You were on level 3 of the Dungeon.
You worshipped Sif Muna.
Sif Muna was aware of your devotion.
You visited 1 branch of the dungeon, and saw 3 of its levels.

You collected 83 gold pieces.

Inventory:

Hand Weapons
 a - a +0 quarterstaff
 l - the +7 hand axe of the Pit (weapon) {spect, rC+}
   (You found it on level 2 of the Dungeon)

   rC:        It protects you from cold.
Armour
 b - a +0 scale mail (worn)
 c - a +0 buckler (worn)
 k - a +0 pair of gloves (worn)
Scrolls
 e - a scroll of silence {unknown}
 g - a scroll of enchant weapon {unknown}
 h - 2 scrolls of noise {unknown}
 i - 2 scrolls of fog {unknown}
 n - 2 scrolls of identify {unknown}
Potions
 d - 2 potions of might
 f - a potion of curing {unknown}
 j - a potion of cancellation {unknown}
 m - 2 potions of mutation {unknown}


   Skills:
 + Level 4.0 Fighting
 * Level 0.8 Axes
 - Level 3.4 Staves
 + Level 4.1 Armour
 + Level 4.9 Shields


You had 4 spell levels left.
You didn't know any spells.
Your spell library contained the following spells:

 Spells                   Type           Power      Damage    Failure   Level
 Haunt                    Necr/Summ      0%         N/A       100%        7
 Borgnjor's Revivificati  Necr           0%         N/A       100%        8
 Death's Door             Necr           0%         N/A       100%        9


Dungeon Overview and Level Annotations

Branches:
Dungeon (3/15)

Altars:
Sif Muna


Innate Abilities, Weirdness & Mutations

You cannot be hasted, slowed, berserked, paralysed or teleported.
You can dig through walls and to a lower floor.
You have a pair of large antennae on your head. (SInv)
Your four strong arms can wield two-handed weapons with a shield.


Message History

The slug dart misses you.
A dart slug is nearby!
A giant cockroach and a bat come into view.
The bat closely misses you.
You slash the bat!
You kill the bat!
You block the giant cockroach's attack. The dart slug launches a dart at you.
You block the slug dart.
You closely miss the giant cockroach.
Your +7 hand axe of the Pit {spect, rC+} closely misses the giant cockroach.
Your +7 hand axe of the Pit {spect, rC+} hits the dart slug.
The giant cockroach bites you.
The dart slug bites your +7 hand axe of the Pit {spect, rC+} but does no damage.
The giant cockroach closely misses you.
Unknown command.
You slash the giant cockroach!
You kill the giant cockroach!
Your +7 hand axe of the Pit {spect, rC+} disappears.
The dart slug launches a dart at you.
The slug dart hits you but does no damage.
Unknown command.
Unknown command.
You slash the dart slug!
You kill the dart slug!
Unknown command.
No target in view!
No target in view!
There is a faded altar of an unknown god here.
This altar belongs to (a) Ru, (b) Sif Muna or (c) Yredelemnul, but you can't tell which.
Press the corresponding letter to learn more about a god, or press enter to convert or escape to cancel.
Okay, then.
This altar belongs to (a) Ru, (b) Sif Muna or (c) Yredelemnul, but you can't tell which.
Press the corresponding letter to learn more about a god, or press enter to convert or escape to cancel.
Sif Muna accepts your prayer! Sif Muna welcomes you!
You can now call upon Sif Muna for magical energy.
Unknown command.
Press < or > to pray at altars.
Unknown command.
Press < or > to pray at altars.
Are you sure you want to abandon this character and quit the game? (Confirm with "yes".)

####### #
#⌠.⌠..# ..#
###.....#...#
#..⌠.@......#
#...........#
#.†....⌠....#
#...†....#..#
#######.†......#
..
#<...##........#
#
####.##........#
#.##........#
#.##........#


There were no monsters in sight!

Vanquished Creatures
  Natasha (D:3)
  2 adders (D:2)
  6 worms (D:2)
  5 dart slugs
  7 bats
  6 endoplasms
  5 giant cockroaches
  3 goblins
  4 hobgoblins
  8 jackals (D:2)
  8 kobolds
  3 quokkas
  6 ball pythons
  2 frilled lizards (D:1)
  7 rats
73 creatures vanquished.

Notes
Turn   | Place    | Note
-------+----------+-------------------------------------------
     0 | D:1      | Vomitron the Formicid Fighter began the quest for the Orb.
     0 | D:1      | Reached XP level 1. HP: 18/18 MP: 1/1
    55 | D:1      | Reached XP level 2. HP: 19/24 MP: 2/2
   200 | D:1      | Reached XP level 3. HP: 25/29 MP: 3/3
   601 | D:2      | Identified the +7 hand axe of the Pit {spect, rC+}
   661 | D:2      | Reached XP level 4. HP: 37/37 MP: 4/4
   908 | D:2      | Reached XP level 5. HP: 40/42 MP: 5/5
  1178 | D:3      | Noticed Natasha
  1182 | D:3      | Killed Natasha
  1185 | D:3      | Found a faded altar of an unknown god.
  1199 | D:3      | Prayed at the altar of an unknown god.
  1199 | D:3      | Became a worshipper of Sif Muna the Loreminder
  1199 | D:3      | Reached * piety under Sif Muna
  1200 | D:3      | Quit the game

Illustrated notes

Levels and vault maps discovered:
D:1:      dpeg_arrival_tiny_j, layout_basic
D:2:      minmay_chambers_of_twos, layout_basic, grunt_decor_cap, minivault_4
D:3:      layout_basic, hellmonk_ecumenical_altar_run_dry, uniq_jessica,
          uniq_terence, uniq_grinder, uniq_natasha

Skill      XL: |  1  2  3  4  5 |
---------------+----------------+-----
Staves         | 3 |  3.4
Armour         | 4 |  4.1
Fighting       | 4 |  4.0
Axes           | |  0.8
Shields        | |  4.9

Action                     |  1- 3 |  4- 6 || total
---------------------------+-------+-------++-------
  Melee: Quarterstaff      |    72 |       ||    72
         Hand axe          |     7 |    46 ||    53
   Stab: Distracted        |       |     1 ||     1
 Armour: Scale mail        |    30 |    19 ||    49
  Dodge: Dodged            |    30 |    16 ||    46
  Block: Buckler           |    21 |    11 ||    32

Table legend: (Time is in decaauts)
 A = Elapsed time spent in this place.
 B = Non-inter-level travel time spent in this place.
 C = Inter-level travel time spent in this place.
 D = Time resting spent in this place.
 E = Time spent auto-exploring this place.
 F = Levels seen in this place.
 G = Mean time per level.
                   A        B        C        D        E       F      G
               +--------+--------+--------+--------+--------+-----+--------+
         Total |   1231 |    936 |    295 |      0 |    563 |   3 |  410.3 |
       Dungeon |   1231 |    936 |    295 |      0 |    563 |   3 |  410.3 |
               +--------+--------+--------+--------+--------+-----+--------+

Top non-repeatable levels by time:
     D:2: 645 daAuts
     D:1: 550 daAuts
     D:3: 36 daAuts
